 Dungeon Crawl Stone Soup version 0.20.0-1-g1cb1d84 (webtiles) character file.

63450 Jumanji the Bludgeoner (level 14, -9/127 HPs)
             Began as a Minotaur Fighter on May 26, 2017.
             Was a High Priest of the Shining One.
             Killed from afar by an ogre mage (72 damage)
             ... with a crystal spear
             ... on level 2 of the Orcish Mines.
             The game lasted 01:15:24 (16877 turns).

Jumanji the Bludgeoner (Minotaur Fighter)          Turns: 16877, Time: 01:15:26

Health: -9/127     AC: 20    Str: 22    XL:     14   Next: 68%
Magic:  18/18      EV: 16    Int:  5    God:    the Shining One [*****.]
Gold:   1036       SH: 13    Dex: 14    Spells: 13/13 levels left

rFire    . . .     SeeInvis .   a - +0 flail
rCold    + . .     Gourm    .   u - +0 shield
rNeg     + + .     Faith    +   t - +4 plate armour {rC+}
rPois    .         Spirit   .   (helmet restricted)
rElec    .         Reflect  .   s - +0 cloak
rCorr    .         Harm     .   (no gloves)
MR       +....                  (no boots)
Stlth    ..........             F - amulet of faith
Regen    0.4/turn               i - +3 ring of evasion
MPRegen  0.2/turn               A - +3 ring of evasion

@: glowing
A: retaliatory headbutt, horns 2
a: Divine Shield, Cleansing Flame, Summon Divine Warrior, Renounce Religion


You were on level 2 of the Orcish Mines.
You worshipped the Shining One.
The Shining One was extremely pleased with you.
You were hungry.

You visited 3 branches of the dungeon, and saw 15 of its levels.

You collected 1920 gold pieces.
You spent 884 gold pieces at shops.

Inventory:

Hand Weapons
 a - a +0 flail (weapon)
Armour
 s - a +0 cloak (worn)
 t - a +4 plate armour of cold resistance (worn)
 u - a +0 shield (worn)
Jewellery
 c - an uncursed ring of flight
 i - a +3 ring of evasion (left hand)
 A - a +3 ring of evasion (right hand)
 F - an amulet of faith (around neck)
Wands
 m - a wand of flame (19/48)
 J - a wand of enslavement (6/24)
 P - a wand of digging (11/24)
 Q - a wand of polymorph (9/24)
 S - a wand of flame (28/48)
 W - a wand of digging (6/24)
Scrolls
 e - 4 scrolls of teleportation
 g - 5 scrolls of fear
 k - 9 scrolls of remove curse {unknown}
 l - 5 scrolls of enchant weapon
 o - 10 scrolls of identify
 r - 2 scrolls of noise {unknown}
 w - 2 scrolls of magic mapping {unknown}
 y - 2 scrolls of recharging {unknown}
 z - 4 scrolls of fog {unknown}
 D - a scroll of holy word {unknown}
 E - 5 scrolls of blinking
 M - 3 scrolls of immolation {unknown}
 U - a scroll of amnesia {unknown}
 V - a scroll of enchant armour {unknown}
Potions
 d - 2 potions of might
 h - 2 potions of heal wounds
 n - 3 potions of curing
 p - 2 potions of resistance {unknown}
 q - 3 potions of lignification {unknown}
 x - 2 potions of agility {unknown}
 B - a potion of magic {unknown}
 C - 2 potions of ambrosia {unknown}
 G - a potion of berserk rage {unknown}
 L - 2 potions of haste
 O - a potion of flight {unknown}
Comestibles
 b - 4 fruits
 f - 9 bread rations
 j - 7 meat rations
 v - a chunk of flesh
 K - 3 royal jellies


   Skills:
 - Level 12.4 Fighting
 - Level 15.5 Maces & Flails
 - Level 11.9 Armour
 - Level 7.6 Dodging
 + Level 12.6 Shields
 * Level 6.9 Invocations
 - Level 4.1 Evocations


You had 13 spell levels left.
You didn't know any spells.

Dungeon Overview and Level Annotations

Branches:
Dungeon (12/15)            Temple (1/1) D:6            Lair (0/6) D:8
    Orc (2/2) D:11            Elf (0/3) Orc:2

Altars:
Ashenzari
Cheibriados
Dithmenos
Elyvilon
Fedhas
Gozag
Hepliaklqana
Kikubaaqudgha
Makhleb
Nemelex Xobeh
Okawaru
Qazlal
Ru
Sif Muna
Trog
Uskayaw
Vehumet
Xom
Yredelemnul
Zin
The Shining One

Shops:
D:5 [   D:12 !   Orc:1 *

Portals:
Trove: D:12 (give +6 demon blade)

Annotations:
Orc:2 Saint Roka


Innate Abilities, Weirdness & Mutations

You reflexively headbutt those who attack you in melee.
You have a pair of horns on your head.


Message History

The ogre mage blinks!
You hit the orc sorcerer.
You headbutt the orc sorcerer, but do no damage.
The orc sorcerer is heavily wounded.
The orc sorcerer points at you and mumbles some strange words.
You resist with some effort.
You sock the orc sorcerer!
The orc sorcerer is severely wounded.
The orc sorcerer mumbles some strange words.
The ogre mage hits you but does no damage.
You hit the orc sorcerer but do no damage.
You headbutt the orc sorcerer.
The orc sorcerer is severely wounded.
You hit the orc sorcerer. You headbutt the orc sorcerer.
You kill the orc sorcerer!
The rust devil disappears in a puff of smoke!
The ogre mage points at you and mumbles some strange words.
The crystal spear hits you!
Ouch! That really hurt!
You die...

##.......................... ###
##...................##.#...
#.####.......§......).[.[..#.o...
....##..#########....§.....(.....
o3.o3.#############..#####...(...
4.#.≈#####≈§§§§####### ##.##...
.##§§#≈§≈≈≈§§≈≈≈≈§≈# §≈ ##.##..
##§≈≈##≈§≈≈≈≈≈§...##...≈ ###...
##≈≈≈≈###8.≈≈§§.@§O..8# #....
.#≈≈###..§.§.§§.8)#...._ #....
.§≈≈#...§...§§....'..... #####
.≈§##..≈§≈.§.§§≈..#..... #
#§§#8.#####..§#####.....
#≈§##..≈§§.)§§# .§..
#≈§§#...§§)§.≈# ...
≈##≈###......≈# ..#
≈##≈§§####...§#


You could see an ogre mage.

Vanquished Creatures
  Snorg (D:11)
  Harold (Orc:1)
  Erolcha (Orc:1)
  6 two-headed ogres
  Urug (Orc:1)
  Nergalle (D:12)
  3 skeletal warriors (D:12)
  An unseen horror (D:12)
  A deep elf archer (Orc:2)
  Pikel (D:6)
  The ghost of Monsterracer the Cleaver, a novice MiBe of Trog (D:7)
  8 orc sorcerers
  A cyclops (Orc:1)
  3 orc knights (Orc:1)
  Maurice (Orc:1)
  4 trolls
  4 hippogriffs
  A shadow (D:11)
  Eustachio (D:5)
  A basilisk (D:11)
  Grum (D:11)
  2 hungry ghosts
  10 wargs
  Menkaure (D:4)
  Edmund (D:4)
  An acid dragon (D:11)
  A soldier ant (D:12)
  A water moccasin (D:10)
  A porcupine (D:8)
  4 sky beasts
  2 ice beasts
  4 slaves
  A necrophage (D:5)
  Duvessa (D:4)
  A black bear (D:8)
  28 orc warriors
  2 phantoms
  3 wolves (D:11)
  8 ogres
  An eye of draining (D:11)
  7 centaurs
  A big kobold (D:11)
  6 bullfrogs
  Dowan (D:4)
  A water moccasin zombie (D:6)
  A wyvern skeleton (D:11)
  A scorpion (D:11)
  21 killer bees
  3 jellies
  6 wights
  2 howler monkeys
  3 crimson imps
  A quasit (D:8)
  8 hounds
  Crazy Yiuf (D:2)
  43 orc wizards
  A centaur skeleton (D:4)
  A centaur zombie (D:8)
  27 orc priests
  Jessica (D:3)
  2 bullfrog skeletons (D:7)
  2 iguanas (D:9)
  10 worker ants
  Robin (D:1)
  A worker ant zombie (D:11)
  13 adders
  4 gnolls (D:2)
  3 shadow imps
  2 oozes
  5 worms
  A dart slug (D:1)
  4 leopard geckos
  143 orcs
  6 bats
  2 giant cockroaches
  18 goblins
  16 hobgoblins
  8 jackals
  3 quokkas
  7 frilled lizards
  14 kobolds
  A leopard gecko skeleton (D:8)
  A leopard gecko zombie (D:6)
  2 quokka skeletons
  8 rats
529 creatures vanquished.

Vanquished Creatures (others)
  A sky beast (D:5)
  An orc (D:9)
2 creatures vanquished.

Grand Total: 531 creatures vanquished

Notes
Turn   | Place    | Note
-------+----------+-------------------------------------------
     0 | D:1      | Jumanji the Minotaur Fighter began the quest for the Orb.
     0 | D:1      | Reached XP level 1. HP: 19/19 MP: 0/0
   103 | D:1      | Reached skill level 3 in Maces & Flails
   155 | D:1      | Reached XP level 2. HP: 26/26 MP: 1/1
   400 | D:1      | Reached skill level 4 in Maces & Flails
   400 | D:1      | Reached XP level 3. HP: 29/31 MP: 2/2
   596 | D:1      | Reached skill level 1 in Dodging
   752 | D:2      | Reached skill level 5 in Maces & Flails
   752 | D:2      | Reached XP level 4. HP: 35/39 MP: 3/3
   982 | D:2      | Noticed Robin
  1007 | D:1      | Killed Robin
  1076 | D:2      | Reached skill level 6 in Maces & Flails
  1098 | D:2      | Reached XP level 5. HP: 45/45 MP: 4/4
  1213 | D:2      | Found a runed door.
  1217 | D:2      | Noticed Crazy Yiuf
  1221 | D:2      | Killed Crazy Yiuf
  1529 | D:3      | Noticed Jessica
  1532 | D:3      | Killed Jessica
  1532 | D:3      | Reached skill level 7 in Maces & Flails
  1594 | D:3      | Found a glowing silver altar of Zin.
  1759 | D:3      | Reached XP level 6. HP: 47/51 MP: 5/5
  1893 | D:3      | Reached skill level 8 in Maces & Flails
  2545 | D:4      | Noticed Duvessa
  2545 | D:4      | Noticed Dowan
  2563 | D:4      | Killed Duvessa
  2563 | D:4      | Reached skill level 9 in Maces & Flails
  2574 | D:4      | Killed Dowan
  2574 | D:4      | Reached XP level 7. HP: 48/57 MP: 6/6
  2798 | D:4      | Noticed Edmund
  2806 | D:4      | Killed Edmund
  2806 | D:4      | Reached skill level 5 in Fighting
  2897 | D:4      | Reached skill level 10 in Maces & Flails
  2927 | D:4      | Noticed Menkaure
  2932 | D:4      | Killed Menkaure
  2975 | D:4      | Found an ancient bone altar of Kikubaaqudgha.
  2979 | D:4      | Found an iron altar of Okawaru.
  2981 | D:4      | Found a bloodstained altar of Trog.
  3285 | D:4      | Reached XP level 8. HP: 67/70 MP: 7/7
  3436 | D:5      | Entered Level 5 of the Dungeon
  3485 | D:5      | Noticed Eustachio
  3516 | D:5      | Killed Eustachio
  3680 | D:5      | Found Goynam's Antique Armour Shop.
  3747 | D:5      | Reached skill level 11 in Maces & Flails
  4219 | D:5      | Found a glowing golden altar of the Shining One.
  4234 | D:5      | Became a worshipper of the Shining One
  4295 | D:5      | Found a radiant altar of Vehumet.
  4310 | D:5      | Found a shimmering altar of Xom.
  4310 | D:5      | Found a shimmering altar of Xom.
  4312 | D:5      | Found a glowing silver altar of Zin.
  4312 | D:5      | Found a shimmering altar of Xom.
  4312 | D:5      | Found a basalt altar of Yredelemnul.
  4518 | D:6      | Noticed Pikel
  5355 | D:5      | Reached XP level 9. HP: 73/81 MP: 8/8
  5378 | D:6      | Killed Pikel
  5378 | D:6      | Reached skill level 12 in Maces & Flails
  5413 | D:6      | Found a staircase to the Ecumenical Temple.
  5440 | Temple   | Entered the Ecumenical Temple
  5703 | D:7      | Reached * piety under the Shining One
  6142 | D:7      | Reached skill level 10 in Fighting
  6221 | D:7      | Noticed Monsterracer's ghost (novice MiBe)
  6612 | D:7      | Killed Monsterracer's ghost
  6612 | D:7      | Reached skill level 13 in Maces & Flails
  6949 | D:8      | Reached ** piety under the Shining One
  7003 | D:8      | Reached XP level 10. HP: 92/93 MP: 9/9
  7079 | D:8      | Found a staircase to the Lair.
  7370 | D:8      | Found a shattered altar of Ashenzari.
  7457 | D:8      | Reached skill level 5 in Shields
  7498 | D:8      | Found a stormy altar of Qazlal.
  7826 | D:9      | Reached skill level 5 in Armour
  8737 | D:9      | Found a radiant altar of Vehumet.
  8757 | D:9      | Reached *** piety under the Shining One
  9443 | D:10     | Entered Level 10 of the Dungeon
  9603 | D:10     | Noticed a two-headed ogre
  9619 | D:10     | Killed a two-headed ogre
  9646 | D:10     | Noticed a two-headed ogre
  9668 | D:10     | Killed a two-headed ogre
  9668 | D:10     | Reached XP level 11. HP: 17/100 MP: 10/10
 10543 | D:11     | Reached **** piety under the Shining One
 10659 | D:11     | Noticed Grum
 10689 | D:11     | Killed Grum
 10852 | D:11     | Noticed a two-headed ogre
 10873 | D:11     | Killed a two-headed ogre
 10910 | D:11     | Reached skill level 1 in Invocations
 11062 | D:11     | Found a staircase to the Orcish Mines.
 11140 | D:11     | Noticed a two-headed ogre
 11147 | D:11     | Killed a two-headed ogre
 11147 | D:11     | Reached skill level 5 in Dodging
 11202 | D:11     | Noticed Snorg
 11226 | D:11     | Killed Snorg
 11226 | D:11     | Reached skill level 14 in Maces & Flails
 11881 | D:12     | Found a portal to a secret trove of treasure.
 11920 | D:12     | Noticed a two-headed ogre
 11925 | D:12     | Reached ***** piety under the Shining One
 11941 | D:12     | Killed a two-headed ogre
 12067 | D:12     | Noticed a skeletal warrior
 12070 | D:12     | Noticed a skeletal warrior
 12097 | D:12     | Killed a skeletal warrior
 12097 | D:12     | Reached skill level 10 in Armour
 12097 | D:12     | Reached XP level 12. HP: 90/109 MP: 12/12
 12164 | D:12     | Reached skill level 10 in Shields
 12462 | D:12     | Noticed Nergalle
 12495 | D:12     | Killed Nergalle
 12608 | D:12     | Found Oczicier's Distillery.
 12617 | D:12     | Bought a potion of experience for 650 gold pieces
 12617 | D:12     | Bought a potion of haste for 130 gold pieces
 12617 | D:12     | Bought a potion of curing for 39 gold pieces
 12617 | D:12     | Bought a potion of heal wounds for 65 gold pieces
 12617 | D:12     | Reached XP level 13. HP: 117/117 MP: 12/14
 12618 | D:12     | Reached XP level 14. HP: 126/126 MP: 12/16
 12804 | Orc:1    | Entered Level 1 of the Orcish Mines
 12821 | Orc:1    | Paralysed by an orc sorcerer for 2 turns
 12834 | Orc:1    | Reached skill level 15 in Maces & Flails
 12903 | Orc:1    | Found Cihor's Commerce Corner.
 12916 | Orc:1    | Noticed Maurice
 12950 | Orc:1    | Killed Maurice
 13065 | Orc:1    | Noticed Erolcha
 13073 | Orc:1    | Killed Erolcha
 13140 | Orc:1    | Noticed Harold
 13169 | Orc:1    | Killed Harold
 13964 | Orc:2    | Entered Level 2 of the Orcish Mines
 14151 | Orc:1    | Noticed Urug
 14166 | Orc:1    | Killed Urug
 14515 | Orc:2    | Noticed Saint Roka
 14517 | Orc:2    | Reached skill level 5 in Invocations
 14548 | Orc:2    | Found an ancient bone altar of Kikubaaqudgha.
 15533 | Orc:2    | Found a staircase to the Elven Halls.
 15974 | Orc:1    | HP: 1/127 [orc priest/divine providence[an orc knight] (8)]
 16872 | Orc:2    | Found a radiant altar of Vehumet.
 16877 | Orc:2    | Killed from afar by an ogre mage

Skill      XL: |  1  2  3  4  5  6  7  8  9 10 11 12 13 14 |
---------------+-------------------------------------------+-----
Maces & Flails | 3 4 5 6 7 9 10 11 13 14 15 | 15.5
Dodging        | 1 4 5 7 |  7.6
Fighting       | 5 8 10 11 12 | 12.4
Shields        | 7 9 10 11 12 | 12.6
Armour         | 7 10 11 | 11.9
Invocations    | 2 3 4 6 |  6.9
Evocations     | 2 4 |  4.1

Action                   |  1- 3 |  4- 6 |  7- 9 | 10-12 | 13-15 || total
-------------------------+-------+-------+-------+-------+-------++-------
Melee: Flail             |    88 |   203 |   344 |   674 |   493 ||  1802
       Headbutt          |     8 |    44 |    64 |   153 |   107 ||   376
Evoke: Wand              |       |       |     2 |       |       ||     2
  Use: Potion            |       |       |       |     1 |     6 ||     7
       Scroll            |       |       |       |       |     6 ||     6
  Eat: Chunk             |       |     6 |    14 |    19 |    10 ||    49
       Bread ration      |       |       |       |       |     1 ||     1
Armor: Scale mail        |     8 |       |       |       |       ||     8
       Chain mail        |    32 |   130 |   110 |       |       ||   272
       Plate armour      |       |       |    20 |   192 |    79 ||   291
Dodge: Dodged            |    20 |    43 |    52 |   291 |   151 ||   557
Block: Shield            |    45 |   108 |   120 |   358 |   254 ||   885
